Map: Overgrowth LE (Void)

Players

Musumeci - Winner!

  • Race: Zerg Zerg
  • League: Diamond
  • Spawn Location: 7:00

Flame

  • Race: Zerg Zerg
  • League: Diamond
  • Spawn Location: 1:00

VOD

Have the link to the VOD?

Description

Time

  • Played on: Jan. 19, 2017, 7:37 a.m.
  • Length: 17:05
Show
View Real Time Build Order
Export as new Build Order

Musumeci Zerg - Winner!

Build Orders: Hatch First 

Get SALT Encoding   

  12  0:03  Drone  
  13  0:09  Drone  
  14  0:14  Extractor  
  14  0:15  Drone  
  15  0:41  Hatchery  
  14  0:48  Drone, Extractor  
  15  0:59  Spawning Pool  
  15  1:03  Extractor  
  13  1:04  Drone  
  13  1:08  Extractor  
  13  1:11  Drone  
  14  1:23  Overlord  
  15  1:42  Drone x3  
  15  1:45  Queen  
  20  1:53  Zergling x2  
  21  2:03  Queen  
  23  2:09  Metabolic Boost  
  23  2:14  Zergling x2  
  24  2:29  Drone x2  
  26  2:34  Zergling x2  
  27  2:40  Baneling Nest  
  26  2:44  Overlord  
  26  2:48  Zergling x4  
  27  3:03  Zergling x6  
  30  3:15  Overlord  
  30  3:16  Overlord  
  29  3:34  Zergling x12  
  35  3:46  Zergling x8  
  39  3:52  Baneling x3  
  39  3:58  Zergling x6  
  39  4:18  Zergling x10  
  39  4:22  Drone, Extractor  
  41  4:42  Baneling x2  
  41  4:43  Baneling, Zergling x2  
  41  4:44  Zergling x6  
  32  5:06  Zergling x4  
  32  5:07  Zergling x10  
  35  5:20  Zergling x2  
  35  5:21  Zergling x8  
  39  5:26  Drone x3  
  39  5:34  Drone x2  
  40  5:48  Drone x3  
  42  6:04  Drone  
  42  6:05  Hatchery  
  42  6:08  Drone  
  42  6:09  Overlord  
  43  6:21  Overlord  
  43  6:31  Roach Warren  
  42  6:32  Evolution Chamber  
  42  6:33  Evolution Chamber  
  40  6:43  Drone x7  
  41  6:52  Zergling x4  
  33  6:58  Spine Crawler  
  32  7:02  Spine Crawler  
  31  7:10  Zergling x2  
  31  7:11  Zergling x6  
  35  7:17  Drone  
  35  7:18  Drone x3  
  41  7:26  Overlord x2  
  39  7:41  Roach x6  
  49  7:59  Drone x2, Lair  
  49  8:00  Drone x4  
  55  8:15  Zerg Missile Weapons Level 1  
  55  8:27  Roach x2  
  55  8:28  Roach  
  55  8:31  Drone x7  
  55  8:32  Drone  
  68  8:39  Extractor  
  68  8:40  Zerg Ground Armor Level 1  
  67  8:51  Drone  
  67  8:52  Drone x2  
  67  8:53  Drone x3  
  67  8:54  Overlord  
  73  8:56  Overlord  
  73  9:18  Zergling x8  
  76  9:25  Roach x5  
  85  9:44  Roach x2  
  89  9:45  Overlord  
  89  9:46  Overlord x2  
  89  9:55  Baneling x2  
  89  10:00  Queen  
  89  10:07  Roach x12  
  96  10:12  Extractor  
  96  10:13  Extractor  
  110  10:16  Drone, Extractor  
  110  10:19  Drone x3  
  110  10:20  Drone  
  114  10:23  Overlord  
  114  10:26  Overlord  
  114  10:34  Glial Reconstitution  
  113  10:50  Roach x4  
  121  10:57  Overlord x3  
  121  10:58  Overlord x4  
  121  11:01  Zerg Missile Weapons Level 2, Zerg Ground Armor Level 2  
  121  11:15  Overlord x2  
  121  11:17  Drone x4  
  121  11:18  Drone  
  126  11:19  Ravager x9  
  135  11:27  Overseer  
  135  11:38  Overlord x2  
  135  11:39  Roach  
  145  11:40  Roach x5  
  147  12:09  Roach  
  147  12:10  Roach x12  
  169  12:25  Roach  
  169  12:26  Roach x6  
  169  12:29  Overseer x2  
  159  12:39  Drone x3  
  159  12:43  Queen  
  130  12:53  Unknown x2  
  125  13:19  Roach x11  
  137  13:38  Roach x6  
  141  13:45  Hydralisk Den, Spore Crawler  
  141  13:47  Drone x2, Spore Crawler  
  131  13:57  Spore Crawler  
  131  13:59  Spore Crawler  
  131  14:00  Spore Crawler  
  131  14:01  Spore Crawler  
  120  14:20  Unknown x3  
  120  14:21  Unknown  
  111  14:25  Hydralisk  
  111  14:26  Hydralisk x6  
  101  14:43  Spore Crawler  
  101  14:44  Spore Crawler  
  93  14:46  Spore Crawler  
  93  14:47  Spore Crawler  
  93  14:48  Spore Crawler  
  82  14:55  Hydralisk x2  
  70  15:15  Hydralisk  
  70  15:16  Hydralisk x2  
  76  15:28  Hydralisk x2  
  68  15:41  Spore Crawler x2  
  66  15:46  Unknown  
  60  15:59  Hydralisk x3  
  60  16:03  Unknown  
  64  16:21  Hydralisk x4  
  70  16:36  Hydralisk x3  
  56  16:56  Unknown  
Show
View Real Time Build Order
Export as new Build Order

Flame Zerg 

Build Orders: Hatch First, Lurkers 

Get SALT Encoding   

  12  0:01  Drone  
  13  0:08  Drone  
  14  0:17  Overlord  
  14  0:25  Drone, Extractor  
  15  0:35  Drone x2  
  17  0:55  Hatchery  
  16  1:04  Spawning Pool  
  16  1:07  Drone  
  16  1:10  Drone  
  17  1:13  Extractor  
  17  1:15  Drone  
  17  1:24  Drone  
  18  1:31  Overlord  
  18  1:44  Drone  
  19  1:51  Queen  
  19  1:52  Drone  
  22  2:03  Drone  
  22  2:08  Queen  
  25  2:18  Metabolic Boost  
  25  2:22  Drone x2  
  27  2:24  Drone x2  
  27  2:27  Queen, Extractor  
  30  2:31  Drone  
  30  2:33  Drone  
  32  2:43  Drone  
  33  2:44  Baneling Nest  
  33  2:51  Zergling x2  
  33  2:53  Drone  
  34  3:08  Drone x2  
  36  3:13  Overlord  
  36  3:14  Evolution Chamber  
  35  3:23  Drone  
  36  3:27  Evolution Chamber  
  36  3:32  Zergling x2  
  36  3:33  Zergling x10  
  40  3:37  Roach Warren  
  39  3:44  Spine Crawler  
  38  3:52  Zerg Ground Armor Level 1  
  38  3:55  Baneling x4  
  38  3:56  Baneling x2  
  36  4:22  Zerg Missile Weapons Level 1  
  36  4:26  Overlord x2  
  36  4:38  Zergling x2  
  32  4:49  Roach  
  32  4:50  Roach x4  
  35  5:07  Zergling x2  
  35  5:08  Zergling x8  
  35  5:13  Zergling x4  
  39  5:33  Drone  
  39  5:34  Drone x5  
  45  5:43  Drone  
  45  5:48  Drone x3  
  49  5:59  Baneling  
  49  6:00  Baneling x4  
  49  6:01  Drone  
  49  6:02  Drone x2  
  52  6:09  Overlord x2  
  52  6:13  Baneling  
  52  6:14  Baneling x3  
  52  6:21  Lair  
  52  6:27  Queen  
  52  6:28  Drone  
  52  6:29  Drone  
  52  6:30  Extractor  
  53  6:52  Drone  
  53  6:53  Drone  
  52  6:55  Drone x2  
  52  6:56  Drone x7  
  52  6:59  Ravager x5  
  66  7:02  Extractor  
  66  7:06  Drone  
  66  7:09  Drone x2  
  66  7:14  Spine Crawler  
  67  7:45  Hatchery, Roach  
  67  7:54  Spore Crawler  
  66  7:58  Zerg Ground Armor Level 2  
  66  7:59  Hydralisk Den  
  65  8:09  Zergling x2  
  65  8:10  Zergling x4  
  68  8:13  Overlord x3  
  68  8:14  Overlord, Extractor  
  67  8:20  Overlord  
  67  8:21  Overlord x4  
  67  8:22  Extractor  
  67  8:23  Glial Reconstitution  
  67  8:26  Zerg Missile Weapons Level 2  
  66  8:29  Muscular Augments  
  66  8:32  Drone x4  
  66  8:33  Drone  
  71  8:54  Drone  
  71  8:55  Drone x2  
  74  8:58  Hydralisk  
  74  8:59  Hydralisk x6  
  87  9:15  Drone x2  
  89  9:17  Queen  
  89  9:23  Roach x4  
  99  9:24  Hydralisk  
  101  9:52  Drone x3  
  106  10:07  Roach x11  
  126  10:14  Baneling x2  
  126  10:15  Baneling x2  
  126  10:17  Lurker Den  
  126  10:20  Spore Crawler  
  125  10:23  Spore Crawler  
  125  10:25  Queen, Spore Crawler  
  125  10:26  Spore Crawler  
  124  10:38  Drone x3  
  124  10:39  Drone x10  
  131  10:50  Drone  
  132  11:03  Hatchery  
  131  11:14  Overlord x4  
  131  11:32  Zergling x12  
  137  11:45  Spire  
  137  11:46  Pneumatized Carapace  
  137  11:47  Overseer x2  
  136  12:02  Lurker x4, Hydralisk  
  136  12:03  Hydralisk x4  
  136  12:04  Roach x2  
  136  12:05  Roach x10  
  173  12:11  Baneling x4  
  173  12:15  Unknown  
  94  12:40  Roach  
  94  12:41  Roach x15  
  108  12:45  Drone  
  94  13:10  Mutalisk x3  
  94  13:11  Mutalisk x2  
  100  13:16  Mutalisk  
  95  13:25  Mutalisk x4  
  89  13:32  Unknown  
  89  13:33  Unknown  
  81  13:38  Mutalisk x2  
  78  13:45  Mutalisk x2  
  72  13:50  Mutalisk  
  72  13:54  Mutalisk x4, Drone  
  56  14:12  Zergling x2  
  41  15:03  Hatchery  
  40  15:41  Drone  
  39  16:22  Drone  
Tags
 
Composition
Lurkers
Matchup
ZvZ
Race
Zerg
Replay Pack
replay pack
Spawn Locations
Cross Positions
Add a new tag
Caveats
  • Supply blocks, unpowered buildings, or Contaminate may cause inaccurate times.
  • Supply counts are checked every 10 seconds.